Cogmind - Beta 16.1 @@@ ROGUE MODE // 2026.06.17 @ 21:16:38 Player: Megaknight51 Result: Destroyed by N9-7QQ(R) with Subdweller Machine Gun Performance ------------- Evolutions (0) 0 Regions Visited (2) 400 Robots Destroyed (15) 75 Value Destroyed (311) 311 Prototype IDs (0) 0 Alien Tech Used (0) 0 Bonus (0) 0 TOTAL SCORE: 786 Bonus ------- None Cogmind --------- Core Integrity 0/250 Matter 280/300 Energy 250/250 System Corruption 0% Temperature Cool (0) Movement Rolling (145) Ox3 Location -10/Subcaves Parts ------- > --- POWER (1) -------- Ion Engine > --- PROPULSION (2) --- Compact Wheel > --- UTILITY (2) ------ High-capacity Storage Unit Seismic Detector > --- WEAPON (2) ------- Beam Cannon Beam Cannon > --- INVENTORY (20) --- Wheel Wheel Wheel Compact Wheel Compact Wheel Compact Wheel Improved Heat Sink Improved Heat Sink Large Storage Unit Large Matter Pod (12) Seismic Detector Tractor Beam Light Assault Rifle Mining Laser Peak State ------------ > --- POWER ------------ Ion Engine > --- PROPULSION ------- Wheel Compact Wheel > --- UTILITY ---------- Improved Heat Sink High-capacity Storage Unit > --- WEAPON ----------- Particle Gun Beam Cannon > --- INVENTORY -------- Wheel Wheel Compact Wheel Compact Wheel Compact Wheel Large Storage Unit Seismic Detector Tractor Beam Light Assault Rifle Mining Laser [Rating: 11] Favorites ----------- Power Ion Engine Engine Ion Engine Propulsion Compact Wheel Wheel Compact Wheel Utility Seismic Detector Device Seismic Detector Storage High-capacity Storage Unit Weapon Beam Cannon Energy Gun Particle Gun Energy Cannon Beam Cannon Ballistic Gun Light Assault Rifle Special Weapon Mining Laser Build | -11 -10 -10 ------- Run | Yrd Mat Sub Slots Evolved . | . . . Power . | . . . Propulsion . | . . . Utility . | . . . Weapon . | . . . Parts Attached 17 | 8 8 1 Power 1 | 1 . . Engine 1 | 1 . . Core . | . . . Reactor . | . . . Propulsion 4 | 2 2 . Treads . | . . . Leg . | . . . Wheel 4 | 2 2 . Hover . | . . . Flight . | . . . Utility 6 | 3 3 . Device 3 | 2 1 . Storage 3 | 1 2 . Processor . | . . . Hackware . | . . . Protection . | . . . Artifact . | . . . Weapon 6 | 2 3 1 Energy Gun 2 | 1 1 . Energy Cannon 2 | . 2 . Ballistic Gun 1 | 1 . . Ballistic Cannon . | . . . Launcher . | . . . Special Weapon 1 | . . 1 Impact Weapon . | . . . Slashing Weapon . | . . . Piercing Weapon . | . . . Special Melee Weapon . | . . . Unidentified Prototypes . | . . . Parts Lost 2 | . . 2 Power . | . . . Propulsion 1 | . . 1 Utility . | . . . Weapon 1 | . . 1 Highest Loss Streak 2 | . . 2 To Critical Strikes . | . . . Average Backups 10 | 1 8 14 Power . | . . . Propulsion 4 | . 3 6 Utility 4 | . 2 6 Weapon 1 | . 1 2 Tool/Special . | . . . Unused Backups 8 | . . 8 Power . | . . . Propulsion 5 | . . 5 Utility 3 | . . 3 Weapon . | . . . Tool/Special . | . . . Average Slot Usage (%) 92 | . 100 86 Engine 14 | . 14 14 Wheel 20 | . 28 15 Device 14 | . 14 14 Storage 14 | . 14 14 Energy Gun 5 | . 11 1 Energy Cannon 18 | . 9 24 Ballistic Gun 3 | . 7 . Special Weapon 1 | . . 1 Peak Build Rating 11 | 7 11 11 Average Rating 7 | 5 8 7 On Entrance 6 | . 7 11 Avg Prop Armor Cover (%) . | . . . Naked Turns . | . . . Heaviest Build 52 | 13 52 52 Greatest Support 32 | 32 32 26 Greatest Overweight (x) 3 | . 1 3 Average Overweight (x) 1 | . . 2 Largest Inventory Capacity 20 | 8 20 20 Average Capacity 17 | 7 15 20 Most Carried 15 | 4 15 15 Average Carried 10 | 1 8 14 Final Capacity 20 | 8 20 20 Final Carried 15 | 4 15 14 Class Distribution -------------------- 100% | Mutant Dominant Class ---------------- Mutant | -10/Materials Mutant | -10/Subcaves Resources | -11 -10 -10 ----------- Run | Yrd Mat Sub Matter Collected 413 | 292 99 22 Remotely 87 | 87 . . Salvage Created 507 | 138 358 11 Parts 37 | 16 19 2 Haulers Intercepted 1 | . 1 . Recyclers Shooed . | . . . Parts Field Recycled . | . . . Retrieved Matter . | . . . Parts Self-Destructed 8 | . . 8 Prevented . | . . . Parts Restored . | . . . Kills | -11 -10 -10 ------- Run | Yrd Mat Sub Combat Hostiles Destroyed 7 | . 6 1 Guns 4 | . 4 . Cannons 3 | . 2 1 Classes Destroyed 6 | 2 3 1 Worker 2 | . 2 . Tunneler 4 | 4 . . Hauler 1 | . 1 . Recycler 1 | 1 . . Swarmer 1 | . . 1 Grunt 6 | . 6 . Best Kill Streak 4 | 4 2 1 Combat Bots Only 2 | . 2 1 Max Kills in Single Turn 1 | 1 1 1 Gunslinging . | . . . Exploded . | . . . Melee . | . . . Uniques/NPCs Destroyed . | . . . Combat | -11 -10 -10 -------- Run | Yrd Mat Sub Hostile Shots Fired 63 | . 25 38 Missed 10 | . 2 8 Hits 53 | . 23 30 Projectile 53 | . 23 30 Critical Strikes 1 | . . 1 Damage Taken 658 | . 337 321 Core 261 | . 109 152 Absorbed by Shields . | . . . Core Remaining (%) 100 | 100 . . Volleys Fired 61 | 12 31 18 Largest 2 | 2 2 2 Hottest 160 | 60 125 160 Shots Fired 120 | 24 61 35 Gun 59 | 24 35 . Cannon 56 | . 26 30 Launcher . | . . . Special 5 | . . 5 Kinetic 31 | 12 19 . Thermal 89 | 12 42 35 Explosive . | . . . Electromagnetic . | . . . Robot Hit Streak 16 | 5 16 3 Robot Miss Streak 4 | 3 4 1 Penetration Max . | . . . Secondary Targets . | . . . Shots Hit Robots 57 | 14 40 3 Core Hits 24 | 7 16 1 Critical Kills . | . . . Critical Parts Destroyed . | . . . Critical Strikes . | . . . Melee Attacks . | . . . Impact . | . . . Slashing . | . . . Piercing . | . . . Sneak Attacks . | . . . Combat Hostiles . | . . . Follow-up Attacks . | . . . Damage Inflicted 700 | 137 545 18 Guns 384 | 137 247 . Cannons 316 | . 298 18 Explosions . | . . . Melee . | . . . Ramming . | . . . Kinetic 167 | 58 109 . Thermal 533 | 79 436 18 Explosive . | . . . Electromagnetic . | . . . Impact . | . . . Slashing . | . . . Piercing . | . . . Highest Corruption . | . . . Average Corruption . | . . . Corruption Purged . | . . . Corruption Blocked . | . . . Overload Shots . | . . . Overflow Damage . | . . . Projectiles . | . . . Explosions . | . . . Melee . | . . . Knockbacks . | . . . Impact . | . . . Kinetic . | . . . Secondary . | . . . Self-Inflicted Damage . | . . . Shots . | . . . Rammed . | . . . Targets Rammed . | . . . Kicked . | . . . Crushed . | . . . Highest Temperature 194 | 60 194 . Average Temperature 54 | 26 62 . Received Heat Transfer 252 | . 192 60 Siege Activations . | . . . Martial Activations . | . . . Shielding Activations . | . . . Robots Disrupted . | . . . Combat Hostiles . | . . . Robots Corrupted . | . . . Combat Hostiles . | . . . Parts Fried . | . . . Impact Corruptions . | . . . Robots Melted . | . . . Combat Hostiles . | . . . Parts Melted 1 | . 1 . Heat Transferred 1163 | 175 951 37 Parts Sabotaged . | . . . Parts Stolen . | . . . Parts Stripped . | . . . Power Chain Reactions . | . . . Alert | -11 -10 -10 ------- Run | Yrd Mat Sub Maximum Alert Level . | . . . Low Security (%) 100 | 100 100 . Level 1 . | . . . Level 2 . | . . . Level 3 . | . . . Level 4 . | . . . Level 5 . | . . . High Security . | . . . Max Security . | . . . Peak Influence 78 | 10 78 . Initial . | . . . Average 22 | 1 25 . Influence Increases 343 | 25 238 80 Destroy 0b10 Robot/C 140 | . 120 20 Destroy 0b10 Robot/NC 40 | 25 15 . Destroy Leader 32 | . 32 . Successful Hack 25 | . 25 . Disable Machine 30 | . 30 . Destroy Structure 1 | . 1 . Lose Combat Pursuer 75 | . 15 60 Influence Decreases 343 | 25 225 93 Entered New Map 7 | . . 7 Time Decay 316 | 25 225 66 Lost Part 20 | . . 20 Squads Dispatched 1 | . 1 . Investigation 1 | . 1 . Extermination . | . . . Reinforcement . | . . . Assault . | . . . Garrison . | . . . Intercept . | . . . Searches Triggered . | . . . Construction Impeded . | . . . Haulers Reinforced . | . . . Active Scanning Responses . | . . . Cargo Convoy Interrupts . | . . . Stealth | -11 -10 -10 --------- Run | Yrd Mat Sub Distress Signals 2 | . 2 . Communications Jammed . | . . . Distress Signals . | . . . Times Spotted 20 | . 12 8 Peak Tracking Total 7 | . 4 7 Tactical Retreats 3 | . 1 2 Traps | -11 -10 -10 ------- Run | Yrd Mat Sub Traps Triggered 1 | . 1 . Indirectly . | . . . Trap Hack Attempts . | . . . Triggered . | . . . Disarmed . | . . . Reprogrammed . | . . . Reused . | . . . Traps Extracted . | . . . Installed . | . . . Triggered . | . . . Machines | -11 -10 -10 ---------- Run | Yrd Mat Sub Machines Disabled 2 | . 2 . Max in Single Turn 1 | . 1 . Machines Repaired . | . . . Machines Dismantled . | . . . Machines Sabotaged . | . . . Overloaded Fab Kills . | . . . Hacking | -11 -10 -10 --------- Run | Yrd Mat Sub Machines Accessed 7 | . 7 . Terminals 7 | . 7 . Fabricators . | . . . Repair Stations . | . . . Recycling Units . | . . . Scanalyzers . | . . . Garrison Access . | . . . Total Hacks 20 | . 20 . Successful 8 | . 8 . Failed 12 | . 12 . Catastrophic 2 | . 2 . Database Lockouts . | . . . Manual 20 | . 20 . Terminals 20 | . 20 . Fabricators . | . . . Repair Stations . | . . . Recycling Units . | . . . Scanalyzers . | . . . Garrison Access . | . . . Terminal Hacks 2 | . 2 . Part Schematic 1 | . 1 . Robot Schematic 1 | . 1 . Fabricator Hacks . | . . . Repair Station Hacks . | . . . Recycling Unit Hacks . | . . . Scanalyzer . | . . . Garrison Access Hacks . | . . . Unauthorized Hacks 5 | . 5 . Terminals 5 | . 5 . Botnet 5 | . 5 . Fabricators . | . . . Repair Stations . | . . . Recycling Units . | . . . Scanalyzers . | . . . Garrison Access . | . . . Data Cores Recovered . | . . . Used . | . . . Hacking Detections 7 | . 7 . Full Trace Events . | . . . Feedback Events . | . . . Feedback Blocked . | . . . Robot Schematics Acquired 1 | . 1 . Robots Built . | . . . Authchips . | . . . Time . | . . . Total Robot Build Rating . | . . . Part Schematics Acquired 1 | . 1 . Parts Built . | . . . Authchips . | . . . Time . | . . . Total Part Build Rating . | . . . Part Studies Acquired . | . . . Parts Repaired . | . . . Time . | . . . Parts Recycled . | . . . Recycled Matter . | . . . Retrieved Matter . | . . . Retrieved Components . | . . . Parts Scanalyzed . | . . . Part Schematics Acquired . | . . . Parts Damaged . | . . . Bothacking | -11 -10 -10 ------------ Run | Yrd Mat Sub Used RIF Installer . | . . . Robots Hacked . | . . . Non-combat . | . . . Combat . | . . . Robot Hacks Applied . | . . . Relay Couplers Released . | . . . Fabnet Peak Effective % . | . . . Robots Rewired . | . . . Allies Hacked . | . . . Hacks Repelled . | . . . Allies | -11 -10 -10 -------- Run | Yrd Mat Sub Total Allies . | . . . Largest Group . | . . . Highest-Rated Group . | . . . Highest-Rated Ally . | . . . Total Orders . | . . . Ally Attacks . | . . . Total Damage . | . . . Kills . | . . . Allies Corrupted . | . . . Allies Melted . | . . . Intel | -11 -10 -10 ------- Run | Yrd Mat Sub Active Infowar (turns) 1392 | 46 358 988 Seismic 1392 | 46 358 988 Robot Analysis Total . | . . . Derelict Logs Recovered 2 | . . 2 Drone Launches . | . . . Drone Recoveries . | . . . Exploration | -11 -10 -10 ------------- Run | Yrd Mat Sub Turns Passed 1898 | 140 765 993 Spaces Moved 1236 | 92 611 533 Core 2 | 2 . . Treads . | . . . Legs . | . . . Wheels 1234 | 90 611 533 Hover . | . . . Flight . | . . . Fastest Speed 50 | 50 100 105 Average Speed 118 | 98 102 139 Slowest Speed 145 | 100 105 145 Overloaded Moves . | . . . Propulsion Burnouts . | . . . Robots Hopped . | . . . Potential Cave-ins . | . . . Cave-ins Triggered . | . . . Exploration Rate (%) 38 | 3 97 14 Regions Visited 2 Branch Regions 1 Pre-discovered Areas 2 | . . 2 Known Exits Taken . | . . . Unknown Exits Taken 2 | 1 1 . Scrap Searched . | . . . Spaces Dug . | . . . Terrain Destroyed . | . . . Melee . | . . . Projectile . | . . . AOE . | . . . Terrain Rammed . | . . . Walls Destroyed . | . . . Machines Disabled . | . . . Actions | -11 -10 -10 --------- Run | Yrd Mat Sub Total 1538 | 115 687 736 Wait 209 | . 28 181 Move 1234 | 91 610 533 Hop . | . . . Pick Up 11 | 3 8 . Fast Attach 8 | 8 . . Attach 1 | . . 1 Detach 1 | 1 . . Swap 11 | . 8 3 Drop 2 | . 2 . Fire 61 | 12 31 18 Melee . | . . . Ram . | . . . Kick . | . . . Crush . | . . . Escape Stasis . | . . . Rewire . | . . . Trap . | . . . Miscellaneous . | . . . Route ------- -11/Scrapyard -10/Materials (discovered 5 exits: [*Mat x3] / [*Min] / [*Sub]) -10/Subcaves (discovered 1 exit: [*Mat]) History --------- Turn | Location | Event 29 | -11/Scrapyard | Discovered new exit (range 15) 141 | -11/Scrapyard | Entered Materials 242 | -10/Materials | Discovered new exit (range 14) 317 | -10/Materials | Build established: Mutant 611 | -10/Materials | Discovered new exit (range 16) 737 | -10/Materials | Discovered new exit (range 7) 832 | -10/Materials | Discovered new exit (range 10) 894 | -10/Materials | Discovered new exit (range 13) 906 | -10/Materials | Entered Subcaves 942 | -10/Subcaves | Ambushed by Subdwellers from Twisted Machinery 944 | -10/Subcaves | Core integrity fell below 50% 1290 | -10/Subcaves | Core integrity fell below 20% 1328 | -10/Subcaves | Learned location of Storage (-8) 1403 | -10/Subcaves | Discovered new exit (range 14) 1899 | -10/Subcaves | Destroyed by N9-7QQ(R) with Subdweller Machine Gun Last Messages --------------- 00976_ Particle Gun destroyed. 00980_ Subatomizers dissect the Sub. Power Source. 00985_ Wheel destroyed. 00994_ S-10 Pest destroyed. 01000_ Flight Unit fries itself beyond repair. 01038_ Acquired 11 matter. 01047_ Subatomizers dissect the Sub. Laser. 01051_ Acquired 11 matter. 01058_ Subatomizers dissect the Sub. Laser. 01178_ Subatomizers dissect the Disposable Heat Sink. 01234_ Subatomizers dissect the Disposable Heat Sink, destroying it. 01290_ Subatomizers dissect the Sub. Machine Gun. 01328_ Acquired derelict log, extracted data. World map updated: -8/Storage. 01403_ EXIT=FOUND 01435_ KL-291(u) tweaks Twisted Machinery. 01449_ KL-291(u) builds Twisted Machinery. 01620_ YN-YAB(R): "OHNO!" 01810_ Subatomizers dissect the Sub. Optics. 01825_ Subatomizers dissect the Sub. Laser. Map ----- +----------------------------------------------------+ | ?????????????????????????????????## #???????????? | | ????????????????????????????????## ##??????????? | | ???????????????????????????????## #??????????? | | ??????????????????????????????## #??????????? | | ?????????????????????????????## #??????????? | | ???????????????????????? ???## #??????????? | | ????????????????????????# ??# #??????????? | | ???????????????????????## ?## #??????????? | | ???????????????????????# #?# #??????????? | | ???????????????????????# ## #####??????????? | | ?????????????????? ###### =% ##?????????????? | | ????????????????? *%[= ##????????????? | | ????????????????? * =& & ##???????????? | | ????????????????? % [%%!%&%& #???????????? | | ???????????????????######## !% = #???????????? | | ??????????????????????????## % ##???????????? | | ???????????????????????????## ##????????????? | | ???????????######????????### # ##?????????????? | | ??????????## ##?###??## # # #?????????????? | | ??????????# ### #??# # # ##?????????????? | | ?????????## #??# #?????????????? | | ?????????# ## #### ##????????????? | | ?????????# ### # ### "###??????????? | | ?????????# #### # "##"##?????????? | | ?????????## ### ##""##????????? | | ?????????## ## @ ## ""#????????? | | ?????????# ### #????????? | | ?????????# ##?#" ""#????????? | | ?????????## #### ##??##"""" "#???????? | | ??########## #?## ##???##" "" #??????? | | ### # ## ### ### #????#" ""# #?????? | | " " #### ## ##???##"" ###?????? | | " " """ ##### #????##" #???????? | | """ ##"# ## ### R##??##"" ??????? | | " " ######## ### ###"##"" ??????? | | """##??# " #### "" "" ?????? | | ""#?### " #### "" "" ??????? | | ### ### "## ""???????? | | ##""" ##?# #??## "???????? | | # """ #??# #?????? ???????? | | # #??# ####???????????? | | "" ### #?# #???????????? | | # ######?## ##?#### ### ##???????????? | | ####???????#############?????####?###????????????? | | ?????????????????????????????????????????????????? | | ?????????????????????????????????????????????????? | | ?????????????????????????????????????????????????? | | ?????????????????????????????????????????????????? | | ?????????????????????????????????????????????????? | | ?????????????????????????????????????????????????? | +----------------------------------------------------+ Best States ------------- Heat Dissipation 39 Energy Generation 10 Energy Capacity 250 Matter Stores 300 Matter Capacity 300 Sight Range 16 Terrain Scan Density 10 Evasion (%) 40 Item Schematics ----------------- Huge Storage Unit | -10/Materials | Hacked Robot Schematics ------------------ M-13 Machinist | -10/Materials | Hacked Fabricated ------------ Nothing Repaired ---------- Nothing Studied --------- None Alien Tech Used ----------------- None Achievements -------------- None Challenges ------------ None Game ------ Seed SmartbombSensorProjector Manual? 0 Play Time 00:17:22 Cumulative 160.3 hours Start 2026.06.17 @ 21:05:09 End 2026.06.17 @ 21:16:38 Sessions 1 Manual Loads 0 Difficulty Rogue Special Mode None Game No. 302 Rogue 302 Adventurer 0 Explorer 0 Win Type - Total 4 Types 3/0/0/1/0/0/0/0/0/0 Lore% 67 Gallery% 48 Achievement% 45 Wizard Run 0 Options --------- Layout 0 ASCII 0 Keyboard 1 Movement Arrows Keybinds 0 Fullscreen 1 Font 18/Smallcaps Map View 76x50 Zoom Use 12% Tactical HUD 1 Map Filters NONE Filters NONE Steam 1 RUN: b1ed2a56-853a-439d-bd12-76166c288192